 Dungeon Crawl Stone Soup version 0.30-a0-219-gf2db51d15e (webtiles) character file.

Game seed: 1573488818501078881

2142 lunkers the Cleaver (level 9, -4/105 HPs)
             Began as a Meteoran Berserker on Oct 6, 2022.
             Was an Elder of Trog.
             Slain by an orc knight
             ... wielding a +0 halberd
              (17 damage)
             ... in a bailey.
             The game lasted 00:10:06 (2763 turns).

lunkers the Cleaver (Meteoran Berserker)            Turns: 2763, Time: 00:10:07

Health: -4/105     AC: 17    Str: 25    XL:     9   Next: 86%
Magic:  10/10      EV: 11    Int:  8    God:    Trog [****..]
Gold:   388        SH:  0    Dex: 13    Spells: 8/8 levels left

rFire   . . .      SeeInvis .    c - +3 hand axe (freeze)
rCold   . . .      Faith    .    (no shield)
rNeg    . . .      Spirit   .    I - +0 plate armour
rPois   .          Reflect  .    (no helmet)
rElec   .          Harm     .    w - scarf {repulsion}
rCorr   .          Rampage  .    o - +1 pair of gloves
Will    +++..                    (no boots)
Stlth   ..........               (no amulet)
HPRegen 1.37/turn                G - +4 ring of evasion
MPRegen 0.12/turn                q - +4 ring of protection

@: berserking, strong-willed, regenerating, glowing, repel missiles, very quick
A: sense surroundings 2, otherworldly, glowing, explore regen
a: Renounce Religion, Berserk, Trog's Hand, Brothers in Arms


You were in a bailey.
You worshipped Trog.
Trog was greatly pleased with you.
You visited 1 branch of the dungeon, and saw 8 of its levels.
You also visited: Bailey.

You collected 388 gold pieces.

Inventory:

Hand Weapons
 a - a +0 hand axe
 c - a +3 hand axe of freezing (weapon)
 h - a +0 war axe
 H - a +0 hand axe of flaming
Missiles
 d - 6 javelins
 l - 14 poisoned darts
 m - 40 stones
 u - 3 boomerangs
Armour
 i - a +0 ring mail
 o - a +1 pair of gloves (worn)
 w - a scarf of repulsion (worn)
 I - a +0 plate armour (worn)
Jewellery
 k - a ring of see invisible
 p - a ring of fire
 q - a +4 ring of protection (right hand)
 B - a +6 ring of strength
 G - a +4 ring of evasion (left hand)
 J - an amulet of faith
Wands
 b - a wand of mindburst (19)
 y - a wand of charming (20)
Scrolls
 j - a scroll of enchant armour
 n - a scroll of amnesia {unknown}
 r - 2 scrolls of butterflies {unknown}
 s - a scroll of immolation {unknown}
 t - a scroll of acquirement {unknown}
 v - a scroll of summoning {unknown}
 x - a scroll of vulnerability {unknown}
 A - a scroll of noise {unknown}
 C - a scroll of blinking {unknown}
 F - 2 scrolls of identify
Potions
 e - 2 potions of heal wounds
 f - 2 potions of flight
 g - 3 potions of curing
 z - a potion of berserk rage
 D - a potion of lignification
 E - 4 potions of haste
 K - 4 potions of magic {unknown}
 L - a potion of cancellation {unknown}
 M - a potion of invisibility {unknown}


   Skills:
 - Level 3.2 Fighting
 + Level 14.5 Axes
 - Level 2.4 Armour
 - Level 2.4 Dodging


You had 8 spell levels left.
You didn't know any spells.
Your spell library was empty.

Dungeon Overview and Level Annotations

Branches:
Dungeon (8/15) Zot: 2183   Temple (0/1) D:4          Bailey (1/1) Zot: 457
   Lair: D:8-11

Altars:
Dithmenos
Fedhas
Nemelex Xobeh
Yredelemnul

Shops:
D:6 !


Innate Abilities, Weirdness & Mutations

You passively map the area around you.
You are easily found by Zot.
You glow in the dark.
You regain HP and MP as you explore.


Message History

The orc knight closely misses you.
The orc warrior hits you from afar with a +0 spear.
* * * LOW HITPOINT WARNING * * *
You barely miss the orc knight.
Unknown command.
Unknown command.
You barely miss the orc knight.
The orc knight hits you with a +0 halberd!
* * * LOW HITPOINT WARNING * * *
The orc knight hits you from afar with a +0 halberd!!
* * * LOW HITPOINT WARNING * * *
The orc warrior hits you but does no damage.
You hit the orc knight. You freeze the orc knight.
The orc knight is lightly wounded.
Unknown command.
Unknown command.
You hit the orc knight. You freeze the orc knight.
The orc knight is moderately wounded.
Unknown command.
Unknown command.
You hit the orc knight. You freeze the orc knight.
The orc knight is moderately wounded.
The orc knight closely misses you. The orc knight barely misses you.
The orc warrior hits you from afar with a +0 spear.
* * * LOW HITPOINT WARNING * * *
Unknown command.
You barely miss the orc knight.
The orc knight is moderately wounded.
Unknown command.
Unknown command.
You hit the orc knight. You freeze the orc knight.
The orc knight is moderately wounded.
Unknown command.
Unknown command.
You hit the orc knight. You freeze the orc knight.
The orc knight is moderately wounded.
The orc knight hits you with a +0 halberd.
* * * LOW HITPOINT WARNING * * *
The orc knight hits you from afar with a +0 halberd!
You die...

* ** ####### ####### , ,
, ,
##.....#########...).## ,
, +.......#.....#....)..#
, ,
+....#).'.....'...##†.# ,
+...o.@.'.....'....8..'
,, , ,
+...o#o.'.....'...##))# ,
,
,+.......#.....#.......#
, ,,
,*##.....#########.....##
####### #######


You could see 2 orc knights and an orc warrior (strong).

Vanquished Creatures
  3 water moccasins
  2 black bears
  4 orc warriors
  2 phantoms
  A kobold brigand (D:7)
  A gnoll sergeant (D:5)
  A necrophage (D:6)
  2 scorpions
  3 wights
  2 orc priests (D:6)
  3 hounds
  A jelly (D:6)
  3 iguanas
  Jessica (D:3)
  Ijyb (D:3)
  5 orc wizards
  4 gnolls (D:5)
  6 adders
  A white imp (D:6)
  2 dart slugs
  33 orcs
  4 endoplasms
  5 giant cockroaches
  13 goblins
  8 hobgoblins
  6 jackals
  15 kobolds
  5 quokkas
  5 ball pythons
  A bat (D:1)
  2 frilled lizards (D:1)
  2 rats
147 creatures vanquished.

Vanquished Creatures (others)
  7 plants (D:2)
7 creatures vanquished.

Grand Total: 154 creatures vanquished

Notes
Turn   | Place    | Note
-------+----------+-------------------------------------------
     0 | D:1      | lunkers the Meteoran Berserker began the quest for the Orb.
     0 | D:1      | Reached XP level 1. HP: 19/19 MP: 2/2
    23 | D:1      | Reached skill level 4 in Axes
    23 | D:1      | Reached XP level 2. HP: 22/26 MP: 3/3
   176 | D:1      | Reached XP level 3. HP: 31/31 MP: 4/4
   213 | D:1      | Reached skill level 5 in Axes
   406 | D:1      | Reached ** piety under Trog
   495 | D:1      | Glimpsed the power of Zot.
   563 | D:2      | Reached XP level 4. HP: 34/38 MP: 5/5
   875 | D:3      | Reached skill level 6 in Axes
   900 | D:3      | Noticed Jessica
   916 | D:3      | Killed Jessica
   917 | D:3      | Reached XP level 5. HP: 38/45 MP: 6/6
   944 | D:3      | Noticed Ijyb
   958 | D:3      | Killed Ijyb
  1221 | D:4      | Reached skill level 7 in Axes
  1221 | D:4      | Reached XP level 6. HP: 11/51 MP: 7/7
  1304 | D:4      | Found a shadowy altar of Dithmenos.
  1332 | D:4      | Reached skill level 8 in Axes
  1381 | D:4      | Reached XP level 7. HP: 56/57 MP: 8/8
  1537 | D:4      | Reached skill level 9 in Axes
  1585 | D:5      | Entered Level 5 of the Dungeon
  1625 | D:5      | Found a sparkling altar of Nemelex Xobeh.
  1759 | D:5      | Found a blossoming altar of Fedhas.
  1761 | D:5      | Found a basalt altar of Yredelemnul.
  1866 | D:6      | Reached *** piety under Trog
  1867 | D:6      | Reached skill level 10 in Axes
  1867 | D:6      | Reached XP level 8. HP: 60/63 MP: 9/9
  1929 | D:6      | Reached skill level 11 in Axes
  2066 | D:4      | Found a staircase to the Ecumenical Temple.
  2158 | D:6      | Reached skill level 12 in Axes
  2160 | D:6      | Gained mutation: You passively map the area around you.
                  | [Meteoran growth]
  2160 | D:6      | Reached XP level 9. HP: 54/70 MP: 10/10
  2178 | D:6      | Found Ypreutemae's Distillery.
  2463 | D:7      | Reached skill level 13 in Axes
  2595 | D:8      | Found a flagged portal.
  2605 | D:8      | Reached skill level 14 in Axes
  2614 | Bailey   | Entered a bailey
  2696 | Bailey   | Reached **** piety under Trog
  2744 | Bailey   | Noticed an orc knight
  2745 | Bailey   | Noticed an orc knight
  2763 | Bailey   | Slain by an orc knight

Illustrated notes

Levels and vault maps discovered:
D:1:      minmay_arrival_diagonal_passages, layout_rooms, hangedman_decor_lopped
D:2:      layout_rooms, dilly_ecumenical_altar_fadedgnrine,
          hangedman_abyss_or_decor_stabs, grunt_decor_clamped
D:3:      layout_loops_ring, minmay_misc_feat_enclosed, uniq_ijyb, uniq_jessica,
          uniq_crazy_yiuf_cottage
D:4:      black_bear_nest_1, layout_rooms, mainiacjoe_overflow_catwalk,
          minmay_temple_entry_hall
D:5:      layout_rooms, mainiacjoe_overflow_concentric_impassable, minitemple
D:6:      layout_cave_pools, elyvilon_altar_1,
          mainiacjoe_overflow_large_starburst, serial_shops,
          nicolae_take_the_stairs
D:7:      layout_loops_ring, kennysheep_mini
D:8:      layout_cave_pools, enter_bailey_5
Bailey:   bailey_polearm_5, bailey

Skill      XL: |  1  2  3  4  5  6  7  8  9 |
---------------+----------------------------+-----
Axes           | 4 5 6 7 8 10 12 14 | 14.5
Fighting       | |  3.2
Armour         | |  2.4
Dodging        | |  2.4

Action                   |  1- 3 |  4- 6 |  7- 9 || total
-------------------------+-------+-------+-------++-------
Melee: Hand axe          |    82 |   150 |   244 ||   476
       Punch             |       |     2 |     6 ||     8
Throw: Javelin           |       |     1 |       ||     1
Invok: Berserk           |       |     2 |     6 ||     8
       Trog's Hand       |       |     1 |     3 ||     4
Evoke: Wand              |       |       |     3 ||     3
  Use: Scroll            |       |     4 |     5 ||     9
       Potion            |       |     1 |       ||     1
Armor: Animal skin       |    24 |       |       ||    24
       Ring mail         |    11 |    98 |    70 ||   179
       Plate armour      |       |       |    47 ||    47
Dodge: Dodged            |    49 |    96 |   104 ||   249
       Repelled          |       |       |     1 ||     1

Table legend: (Time is in decaauts)
 A = Elapsed time spent in this place.
 B = Non-inter-level travel time spent in this place.
 C = Inter-level travel time spent in this place.
 D = Time resting spent in this place.
 E = Time spent auto-exploring this place.
 F = Levels seen in this place.
 G = Mean time per level.
                   A        B        C        D        E       F      G
               +--------+--------+--------+--------+--------+-----+--------+
         Total |   2759 |   2527 |    232 |      0 |   1210 |   9 |  306.6 |
       Dungeon |   2616 |   2384 |    232 |      0 |   1210 |   8 |  327.0 |
        Bailey |    142 |    142 |      0 |      0 |      0 |   1 |  142.0 |
               +--------+--------+--------+--------+--------+-----+--------+

Top non-repeatable levels by time:
     D:3: 580 daAuts
     D:1: 516 daAuts
     D:4: 409 daAuts
     D:5: 388 daAuts
     D:6: 355 daAuts
     D:7: 215 daAuts
  Bailey: 142 daAuts
     D:2: 118 daAuts
     D:8: 31 daAuts
